 Dungeon Crawl Stone Soup version 0.14.1-1-g650416f (webtiles) character file.

174 Quh the Magician (level 3, 0/19 HPs)
             Began as a Deep Elf Wizard on May 3, 2014.
             Succumbed to Crazy Yiuf's poison
             ... on Level 2 of the Dungeon.
             The game lasted 00:12:57 (2167 turns).

Quh the Magician (Deep Elf Wizard)                  Turns: 2167, Time: 00:12:57

HP   0/19        AC  2     Str  5      XL: 3   Next: 69%
MP   6/12        EV 12     Int 22      God:
Gold 118         SH  0     Dex 13      Spells:  5 memorised,  1 level left

rFire  . . .     SeeInvis .     p - +0,+1 sling
rCold  . . .     Clarity  .     a - +0 robe
rNeg   . . .     Conserve .     (no shield)
rPois  .         rCorr    .     b - +0 hat
rElec  .         rRot     .     (no cloak)
SustAb . .       Spirit   .     (no gloves)
rMut   .         Warding  .     (no boots)
Saprov . . .     Stasis   .     (no amulet)
MR     .....                    (no ring)
                                (no ring)

@: lethally poisoned, not resistant to hostile enchantments, fairly stealthy
A: no striking features
a: no special abilities


You were on level 2 of the Dungeon.
You were not hungry.

You visited 1 branch of the dungeon, and saw 2 of its levels.

You collected 118 gold pieces.

Inventory:

Hand weapons
 p - a +0,+1 sling (weapon)
Missiles
 l - 27 darts
 q - 25 stones (quivered)
 t - 12 sling bullets
Armour
 a - a +0 robe (worn)
 b - a +0 hat (worn)
Comestibles
 d - 2 bread rations
 r - a rotting chunk of giant newt flesh
 A - a chunk of giant newt flesh
Scrolls
 e - a scroll of remove curse {unknown}
 g - a scroll of blinking {unknown}
 h - a scroll of random uselessness {unknown}
 j - a scroll of amnesia {unknown}
 k - a scroll of enchant weapon I {unknown}
 m - 2 scrolls of identify
 n - a scroll of immolation {unknown}
 o - a scroll of recharging {unknown}
 s - a scroll of magic mapping {unknown}
 x - a scroll of enchant armour {unknown}
Jewellery
 u - a +5 ring of protection {unknown}
 v - an uncursed amulet of stasis {unknown}
 w - an uncursed ring of ice {unknown}
 y - a +0,+4 ring of slaying {unknown}
Potions
 f - 2 potions of curing {unknown}
 i - 3 potions of agility
 z - a potion of lignification {unknown}
Books
 c - a book of Minor Magic

   Spells                             Type                      Level
   *Magic Dart                        Conjuration                  1
   *Blink                             Translocation                2
   *Call Imp                          Summoning                    2
   *Repel Missiles                    Charms/Air                   2
   Slow                               Hexes                        2
   Conjure Flame                      Conjuration/Fire             3
   *Mephitic Cloud                    Conjuration/Poison/Air       3


   Skills:
 - Level 2.4 Dodging
 - Level 2.4 Stealth
 + Level 4.6 Spellcasting
 * Level 2.3 Conjurations
 - Level 1.1 Summonings
 - Level 2.4 Translocations
 * Level 0.8 Air Magic
 * Level 1.2 Poison Magic


You had one spell level left.
You knew the following spells:

 Your Spells              Type           Power        Failure   Level  Hunger
a - Magic Dart            Conj           ###.         4%          1    None
b - Blink                 Tloc           N/A          8%          2    None
c - Call Imp              Summ           #.......     12%         2    None
d - Repel Missiles        Chrm/Air       #.....       14%         2    None
e - Mephitic Cloud        Conj/Pois/Air  ##......     17%         3    ##.....


Dungeon Overview and Level Annotations

Branches:
Dungeon (2/15)

Altars:

Annotations:
D:2 Crazy Yiuf


Message History

Found a hammer.
Casting: Magic Dart
Confirm with . or Enter, or press ? or * to list all spells.
You blink.
Crazy Yiuf hits you with a quarterstaff of chaos!
Ouch! That really hurt!
* * * LOW HITPOINT WARNING * * *
You are lethally poisoned!
Casting: Blink
Confirm with . or Enter, or press ? or * to list all spells.
You blink.
* * * LOW HITPOINT WARNING * * *
You feel sick. Crazy Yiuf closely misses you.
Unknown command.
Casting: Blink
Confirm with . or Enter, or press ? or * to list all spells.
You blink.
* * * LOW HITPOINT WARNING * * *
You feel sick.
You die...

#(...##.# #.# #).#.##.#
#.# ###...##.# #.#
#........# #####
#.#..##### #.... #.##.#
♣♣♣♣♣♣# #.### #.##.#
♣♣♣♣♣♣♣♣### #.#..
#.#..# #####♣♣♣.♣....##
#.#.# #.#..#
#.§.#♣@.♣.♣....## #....
#....#
#..g'.♣♣♣♣......###...#
#....#
#)..#♣♣♣♣♣♣......##...#
#[...#
#####♣♣♣♣♣♣♣####.##...#
##...# ♣♣♣# #.##....
#####...# ###.###..#
......#.## ###
######.........
.####....# #.#
#..#.#######... .#
#.#.<# #.# #..#.# #...


You could see Crazy Yiuf.

Vanquished Creatures
  An adder (D:2)
  3 giant geckos
  An ooze (D:2)
  3 giant cockroaches
  6 goblins
  8 hobgoblins
  6 kobolds
  4 bats (D:1)
  4 giant newts
  3 rats
39 creatures vanquished.

Notes
Turn   | Place    | Note
--------------------------------------------------------------
     0 | D:1      | Quh, the Deep Elf Wizard, began the quest for the Orb.
     0 | D:1      | Reached XP level 1. HP: 10/10 MP: 6/6
   264 | D:1      | Reached XP level 2. HP: 15/15 MP: 6/9
   268 | D:1      | Learned a level 2 spell: Blink
   271 | D:1      | Learned a level 2 spell: Call Imp
   274 | D:1      | Learned a level 2 spell: Repel Missiles
  1283 | D:2      | Reached XP level 3. HP: 19/19 MP: 9/12
  1288 | D:2      | Learned a level 3 spell: Mephitic Cloud
  1902 | D:2      | Reached skill level 1 in Poison Magic
  2163 | D:2      | Noticed Crazy Yiuf
  2167 | D:2      | Succumbed to Crazy Yiuf's poison

Action                   || total
-------------------------++-------
Melee: Unarmed           ||     4
 Cast: Magic Dart        ||    95
       Blink             ||     4
  Use: Scroll            ||     1
